 Dungeon Crawl Stone Soup version 0.30-a0-802-gb92711bcdf (webtiles) character file.

Game seed: 4412555015290506968

24848 cheesebisquit the Severer (level 13, -5/108 (119) HPs)
             Began as a Hill Orc Monk on Feb 23, 2023.
             Was a High Priest of Beogh.
             Killed from afar by a tengu reaver (59 damage)
             ... with a bolt of negative energy
             ... on level 13 of the Dungeon.
             The game lasted 00:59:36 (13772 turns).

cheesebisquit the Severer (Hill Orc Monk)          Turns: 13772, Time: 00:59:36

HP:   -5/108 (119)  AC: 22    Str: 29    XL:     13   Next: 15%
MP:   21/21         EV: 12    Int: 10    God:    Beogh [*****.]
Gold: 677           SH:  5    Dex: 13    Spells: 12/12 levels left

rFire   + . .      SeeInvis .    p - +3 broad axe
rCold   + + .      Faith    .    M - +0 buckler
rNeg    . . .      Spirit   .    v - +8 ring mail of Integrity {rC+ Str+4}
rPois   .          Reflect  .    (no helmet)
rElec   .          Harm     .    i - scarf {rC+ rF+}
rCorr   .          Rampage  .    H - +2 pair of gloves
Will    .....      Rage     3%   (no boots)
Stlth   +                        B - amulet of magic regeneration
HPRegen 0.38/turn                h - +4 ring of protection
MPRegen 0.57/turn                u - +6 ring of strength

@: studying Unarmed Combat, drained
A: walk on water, berserk 1, mutation resistance 1
a: Renounce Religion, Smiting, Recall Orcish Followers, Give Item to Named
Follower


You were on level 13 of the Dungeon.
You worshipped Beogh.
Beogh was extremely pleased with you.
You visited 2 branches of the dungeon, and saw 15 of its levels.

You collected 874 gold pieces.
You spent 197 gold pieces at shops.

Inventory:

Hand Weapons
 a - a +2 war axe of electrocution
 b - a +0 sling
 p - a +3 broad axe (weapon)
Missiles
 d - 5 silver javelins
 n - a javelin (quivered)
 z - 4 silver boomerangs
 C - 47 poisoned darts
 G - 3 curare-tipped darts
Armour
 i - a scarf of resistance (worn)
 t - a +2 plate armour
 v - the +8 ring mail of Integrity (worn) {rC+ Str+4}
   (You found it on level 3 of the Dungeon)

   Str:       It affects your strength (+4).
   rC:        It protects you from cold.
 H - a +2 pair of gloves (worn)
 M - a +0 buckler (worn)
Jewellery
 h - a +4 ring of protection (left hand)
 u - a +6 ring of strength (right hand)
 w - a ring of resist corrosion
 B - an amulet of magic regeneration (around neck)
 F - a ring of protection from fire
 N - a ring of ice
 O - a ring of poison resistance
Wands
 r - a wand of light (7)
 y - a wand of polymorph (16)
 L - a wand of charming (8)
Scrolls
 k - 3 scrolls of blinking
 l - 4 scrolls of teleportation
 o - 4 scrolls of amnesia
 q - 2 scrolls of vulnerability
 s - 4 scrolls of fear
 x - a scroll of summoning
 A - 6 scrolls of identify
 D - 4 scrolls of poison
 E - 4 scrolls of fog
 J - a scroll of torment
 P - a scroll of magic mapping
Potions
 c - a potion of ambrosia
 e - 3 potions of flight
 f - a potion of haste
 g - a potion of mutation
 j - a potion of brilliance
 m - 5 potions of curing
 I - a potion of lignification
 Q - a potion of heal wounds {unknown}
Miscellaneous
 K - a lightning rod (4/4)


   Skills:
 * Level 12.5 Fighting
 - Level 18.0 Axes
 + Level 9.5 Armour
 + Level 4.7 Dodging
 - Level 1.5 Stealth
 + Level 4.3 Shields
 + Level 11.2 Invocations


You had 12 spell levels left.
You didn't know any spells.
Your spell library contained the following spells:

 Spells                   Type           Power      Damage    Failure   Level
 Magic Dart               Conj           0%         1d3       56%         1
 Sting                    Tmut/Pois      0%         1d3       56%         1
 Passwall                 Tmut/Erth      0%         N/A       71%         2
 Poisonous Vapours        Pois/Air       0%         N/A       71%         2
 Searing Ray              Conj           0%         2d4       71%         2
 Sublimation of Blood     Necr           0%         N/A       71%         2
 Wereblood                Tmut           0%         N/A       71%         2
 Fulminant Prism          Conj/Hex       0%         3d5       100%        4
 Olgreb's Toxic Radiance  Pois           0%         N/A       100%        4
 Petrify                  Tmut/Erth      0%         N/A       100%        4
 Metabolic Englaciation   Hex/Ice        0%         N/A       100%        5
 Iron Shot                Conj/Erth      0%         9d1       100%        6
 Statue Form              Tmut/Erth      0%         N/A       100%        6
 Summon Hydra             Summ           0%         N/A       100%        7


Dungeon Overview and Level Annotations

Branches:
Dungeon (14/15)            Temple (1/1) D:6            Lair (0/5) D:10
    Orc (0/2) D:11
 Vaults: D:13-14

Altars:
Ashenzari
Cheibriados
Dithmenos
Elyvilon
Fedhas
Gozag
Hepliaklqana
Kikubaaqudgha
Makhleb
Nemelex Xobeh
Okawaru
Qazlal
Ru
Sif Muna
Trog
Uskayaw
Vehumet
Wu Jian
Xom
Yredelemnul
Zin
The Shining One

Shops:
D:13 *

Annotations:
D:1 exclusion: downstairs


Innate Abilities, Weirdness & Mutations

You can walk on water.
You sometimes lose your temper in combat.
You are somewhat resistant to further mutation.


Message History

You slice the stone giant!!
The stone giant is severely wounded.
You catch the helpless crystal guardian completely off-guard!
You hit the crystal guardian. You slash the hell knight!
Your orc sorcerer hits the crystal guardian but does no damage.
You slice the stone giant!!
The stone giant is almost dead.
You barely miss the hell knight. You hit the crystal guardian.
You destroy the crystal guardian!
Beogh accepts your kill.
Your orc wizard looks more experienced.
The hell knight hits you with a +5 demon blade of flaming!
The hell knight burns you. The stone giant misses you.
Your Shields skill increases to level 4!
You slash the stone giant!
You kill the stone giant!
Beogh accepts your kill.
Your orc sorcerer looks more experienced.
You hit the hell knight.
The hell knight prays to its god.
The hell knight seems to speed up.
The tengu reaver casts a spell at you. The bolt of poison misses you.
You slice the hell knight!!
You kill the hell knight!
Beogh accepts your kill.
Beogh appreciates your killing of a heretic priest.
You barely miss the troll. You slice the tengu reaver!!
The tengu reaver is moderately wounded.
The tengu reaver blocks your orc sorcerer's attack.
Your orc sorcerer closely misses the troll.
The troll bites your orc sorcerer! The troll claws your orc sorcerer!
The troll misses your orc sorcerer. The tengu reaver blocks your attack.
The tengu reaver is moderately wounded.
The tengu reaver casts a spell at you. The bolt of negative energy hits you!!!
You feel drained.
Ouch! That really hurt!
You die...

##...########## ##.##
#####'##...#...# #...#
......##...'...#
###.#<###
#####.##...#...#
#...#...# #
##..#..3##..#
#.#####..
####...##.o##..# #
#...#....
..#.....#..###.####'##
###o#.##.
#)##....#).#o##.oo...#
#...##.
#.###...##.'..##@QT..#
##.###.
#.##.....#.#.).###...#
#.....
.........####'########
###### ####.....#
#.........### ##...##
###...)...'.## #.###
####....#..########
#.# #######......>.#
#.# #########.#####.#
#####.#
#.......#.##.##.##


You could see a tengu reaver, a troll (ally target) and 2 friendly orc
sorcerers.

Vanquished Creatures
  A stone giant (D:13)
  A crystal guardian (D:13)
  Fannar (D:12)
  Erolcha (D:9)
  An ogre mage (D:13)
  4 two-headed ogres
  2 centaur warriors (D:13)
  A shock serpent (shapeshifter) (D:13)
  A hell knight (D:13)
  An ugly thing (D:13)
  A manticore (D:12)
  A gargoyle (D:11)
  A komodo dragon (D:12)
  3 unseen horrors (D:12)
  An efreet (D:8)
  4 trolls
  A hornet (D:8)
  5 slime creatures (D:12)
  A shadow (D:12)
  Sigmund (D:2)
  2 wyverns
  23 yaks
  A steam dragon (D:8)
  12 vampire mosquitoes
  Grum (D:11)
  Menkaure (D:4)
  2 acid dragons (D:11)
  A water moccasin (D:8)
  2 orc warriors
  2 sky beasts
  3 ice beasts (D:8)
  3 ogres
  4 wolves (D:11)
  12 centaurs
  6 kobold brigands
  5 bullfrogs
  A scorpion (D:5)
  2 necrophages
  6 killer bees (D:9)
  2 howler monkeys
  4 orc priests
  A gnoll bouda (D:6)
  6 hounds
  2 jellies (D:5)
  Jessica (D:2)
  Natasha (twice) (D:4 D:7)
  2 iguanas
  4 orc wizards
  4 gnolls
  6 adders
  3 shadow imps
  3 worms (D:2)
  4 dart slugs
  15 orcs
  6 ball pythons
  4 endoplasms
  4 giant cockroaches
  7 goblins
  7 hobgoblins
  8 jackals
  20 kobolds
  7 quokkas
  2 bats
  3 frilled lizards
  4 rats
253 creatures vanquished.

Vanquished Creatures (collateral kills)
  A tengu warrior (D:13)
  A slime creature (D:12)
  A cyclops (D:11)
  A manticore (D:13)
  A gargoyle (D:11)
  4 trolls
  A shadow (D:11)
  4 yaks (D:9)
  A vampire mosquito (D:12)
  An orc wizard (D:13)
  12 orcs
  10 kobolds
38 creatures vanquished.

Vanquished Creatures (others)
  3 orc knights (D:12)
  3 orc priests
  An orc wizard (D:8)
  16 orcs
23 creatures vanquished.

Grand Total: 314 creatures vanquished

Notes
Turn   | Place    | Note
-------+----------+-------------------------------------------
     0 | D:1      | cheesebisquit the Hill Orc Monk began the quest for the
                  | Orb.
     0 | D:1      | Reached XP level 1. HP: 19/19 MP: 1/1
   224 | D:1      | Reached XP level 2. HP: 25/26 MP: 2/2
   323 | D:1      | Reached skill level 5 in Axes
   954 | D:1      | Reached XP level 3. HP: 31/31 MP: 3/3
  1086 | D:2      | Reached skill level 6 in Axes
  1110 | D:2      | Reached XP level 4. HP: 38/39 MP: 4/4
  1128 | D:2      | Found a blossoming altar of Fedhas.
  1299 | D:2      | Noticed Sigmund
  1406 | D:2      | Noticed Jessica
  1413 | D:2      | Killed Jessica
  1414 | D:2      | Reached skill level 7 in Axes
  1455 | D:2      | Killed Sigmund
  1456 | D:2      | Reached skill level 8 in Axes
  1456 | D:2      | Reached XP level 5. HP: 45/45 MP: 5/5
  1456 | D:2      | Reached XP level 6. HP: 51/51 MP: 6/6
  1811 | D:3      | Identified the +8 ring mail of Integrity {rC+ Str+4}
  1814 | D:3      | Reached skill level 9 in Axes
  1888 | D:3      | Found a hide-covered altar of Uskayaw.
  2145 | D:3      | Found a burning altar of Makhleb.
  2498 | D:4      | Reached skill level 10 in Axes
  2498 | D:4      | Reached XP level 7. HP: 37/57 MP: 7/7
  2582 | D:4      | Noticed Menkaure
  2596 | D:4      | Gained mutation: You sometimes lose your temper in combat.
                  | [potion of mutation]
  2596 | D:4      | Gained mutation: You are somewhat resistant to further
                  | mutation. [potion of mutation]
  2607 | D:4      | Killed Menkaure
  2777 | D:4      | Reached skill level 11 in Axes
  2940 | D:4      | Found a white marble altar of Elyvilon.
  3124 | D:4      | Noticed Natasha
  3132 | D:4      | Killed Natasha
  3143 | D:4      | Noticed Natasha
  3413 | D:5      | Entered Level 5 of the Dungeon
  3436 | D:5      | Found a hazy altar of Hepliaklqana.
  3702 | D:5      | Reached skill level 12 in Axes
  3702 | D:5      | Reached XP level 8. HP: 64/64 MP: 8/8
  4488 | D:6      | Became a worshipper of Beogh the Brigand
  4488 | D:6      | Reached * piety under Beogh
  4488 | D:6      | Reached ** piety under Beogh
  4671 | D:6      | Reached skill level 13 in Axes
  4735 | D:6      | Found an ancient bone altar of Kikubaaqudgha.
  4857 | D:6      | Found a staircase to the Ecumenical Temple.
  4869 | Temple   | Entered the Ecumenical Temple
  5958 | D:7      | Reached skill level 14 in Axes
  5967 | D:7      | Reached skill level 1 in Armour
  5967 | D:7      | Reached skill level 1 in Invocations
  6072 | D:7      | Killed Natasha
  6144 | D:7      | Got Moluun's Directory of Geomancy
  6413 | D:8      | Reached XP level 9. HP: 71/72 MP: 9/11
  6477 | D:8      | Reached skill level 5 in Fighting
  6758 | D:8      | Noticed a hornet
  6762 | D:8      | Paralysed by a hornet for 1 turns
  6764 | D:8      | Killed a hornet
  6937 | D:8      | Reached skill level 5 in Invocations
  7347 | D:8      | Noticed an efreet
  7359 | D:8      | Killed an efreet
  7360 | D:8      | Reached skill level 15 in Axes
  7360 | D:8      | Reached XP level 10. HP: 77/84 MP: 12/14
  7481 | D:8      | Noticed a two-headed ogre
  7491 | D:8      | Killed a two-headed ogre
  7492 | D:8      | Reached skill level 5 in Armour
  7656 | D:8      | Reached *** piety under Beogh
  7939 | D:9      | Reached skill level 16 in Axes
  8162 | D:9      | Identified the +2 robe of Meager Beauty {*Slow Fly Will+
                  | Regen+}
  8496 | D:9      | Noticed Erolcha
  8502 | D:9      | Reached XP level 11. HP: 91/94 MP: 16/16
  8507 | D:9      | Reached **** piety under Beogh
  8509 | D:9      | Killed Erolcha
  8877 | D:10     | Entered Level 10 of the Dungeon
  8915 | D:10     | Noticed a two-headed ogre
  8930 | D:10     | Killed a two-headed ogre
  8931 | D:10     | Reached skill level 17 in Axes
  9649 | D:10     | Found a staircase to the Lair.
  9657 | D:10     | Found a radiant altar of Vehumet.
  9968 | D:11     | Found a staircase to the Orcish Mines.
 10031 | D:11     | Noticed a cyclops
 10035 | D:11     | Killed a cyclops
 10264 | D:11     | Reached ***** piety under Beogh
 10452 | D:11     | Noticed Grum
 10464 | D:11     | Killed Grum
 10822 | D:11     | Found a staircase to the Orcish Mines.
 11508 | D:12     | Noticed Fannar
 11515 | D:12     | Reached skill level 18 in Axes
 11536 | D:12     | Killed Fannar
 11627 | D:12     | Reached XP level 12. HP: 96/106 MP: 19/19
 11640 | D:12     | Reached skill level 10 in Fighting
 11713 | D:12     | Noticed a two-headed ogre
 11721 | D:12     | Killed a two-headed ogre
 11721 | D:12     | Gained Boghold as an ally
 11793 | D:12     | You fall into a shaft and drop 2 floors!
 11825 | D:13     | a swamp dragon changed into a shock serpent
 11825 | D:13     | Noticed a shock serpent (shapeshifter)
 11830 | D:13     | Killed a shock serpent
 11942 | D:13     | Found Ibbaibb's General Store.
 11950 | D:13     | Bought a scroll of teleportation for 33 gold pieces
 11950 | D:13     | Bought a scroll of magic mapping for 82 gold pieces
 11950 | D:13     | Bought a scroll of enchant armour for 82 gold pieces
 11973 | D:12     | Reached skill level 1 in Shields
 11978 | D:12     | Reached skill level 10 in Invocations
 11990 | D:12     | Noticed a two-headed ogre
 11999 | D:12     | Your ally Boghold died
 12002 | D:12     | Gained Arbolt as an ally
 12010 | D:12     | Your ally Arbolt died
 12024 | D:12     | Killed a two-headed ogre
 12881 | D:13     | Noticed a centaur warrior
 12889 | D:13     | Killed a centaur warrior
 13345 | D:13     | Identified the +3 mace of the Mind {antimagic, Stlth+}
 13545 | D:13     | Noticed an ogre mage
 13555 | D:13     | Killed an ogre mage
 13649 | D:13     | Noticed a tengu warrior
 13656 | D:13     | Killed a tengu warrior
 13740 | D:13     | Noticed a centaur warrior
 13744 | D:13     | Killed a centaur warrior
 13745 | D:13     | Reached XP level 13. HP: 118/118 MP: 21/21
 13758 | D:13     | Noticed a crystal guardian
 13760 | D:13     | Noticed a tengu reaver
 13761 | D:13     | Noticed a stone giant
 13767 | D:13     | Killed a crystal guardian
 13768 | D:13     | Killed a stone giant
 13772 | D:13     | Killed from afar by a tengu reaver

Illustrated notes

Levels and vault maps discovered:
D:1:      heliophobic_arrival_enchanted_forest, layout_basic
D:2:      layout_basic, basic_altar, uniq_jessica, uniq_sigmund
D:3:      layout_loops_ring, mainiacjoe_overflow_small_starburst,
          bloody_makhleb, minmay_crystal_water, kennysheep_big_empty_room
D:4:      layout_rooms, mainiacjoe_overflow_chevrons, serial_park_tiny_2,
          uniq_natasha, uniq_menkaure
D:5:      layout_basic, nicolae_hepliaklqana_hazy_memory
D:6:      layout_loops_ring, kiku_gazebo_garden_becter,
          minmay_temple_entry_glassed_door
D:7:      layout_loops_ring
D:8:      layout_basic, minmay_manual_mullet
D:9:      layout_irregular_city, uniq_erolcha
D:10:     layout_stronghold, kennysheep_mini_moat, lair_entry_dummy,
          nicolae_titane
D:11:     layout_roguey, hiddenorc2_lemuel, uniq_grum
D:12:     layout_basic, uniq_fannar
D:13:     minmay_sliced_demisemicircle, layout_loops_corners, serial_shops,
          nicolae_shop_trees, minmay_misc_feat_five
D:14:     layout_grid_maze, erik_vaults_2
Temple:   nicolae_temple_bog_church

Skill      XL: |  1  2  3  4  5  6  7  8  9 10 11 12 13 |
---------------+----------------------------------------+-----
Axes           | 5 6 8 10 12 14 15 16 18 | 18.0
Fighting       | 4 6 8 9 12 | 12.5
Armour         | 2 4 6 7 9 |  9.5
Invocations    | 2 5 7 9 11 | 11.2
Dodging        | 4 |  4.7
Shields        | 3 4 |  4.3
Stealth        | |  1.5

Action                     |  1- 3 |  4- 6 |  7- 9 | 10-12 | 13-15 || total
---------------------------+-------+-------+-------+-------+-------++-------
  Melee: Hand axe          |    99 |   141 |   248 |       |       ||   488
         Punch             |     2 |     1 |     5 |     4 |       ||    12
         War axe           |       |       |   119 |    29 |       ||   148
         Broad axe         |       |       |       |   426 |    10 ||   436
   Fire: Sling             |     3 |       |       |       |       ||     3
  Throw: Javelin           |     2 |       |       |       |       ||     2
 Invoke: Convert to Beogh  |       |       |     1 |       |       ||     1
         Recall Orcish Fol |       |       |       |     8 |       ||     8
         Smiting           |       |       |       |       |     2 ||     2
  Evoke: Wand              |       |       |     1 |       |       ||     1
    Use: Scroll            |       |       |    14 |    14 |       ||    28
         Potion            |       |       |     8 |       |       ||     8
   Stab: Sleeping          |     3 |       |     1 |       |       ||     4
         Invisible         |       |       |     1 |       |       ||     1
         Distracted        |       |       |       |     4 |     1 ||     5
         Paralysed         |       |       |       |     2 |       ||     2
 Armour: Robe              |     9 |       |       |       |       ||     9
         Scale mail        |    25 |    30 |       |       |       ||    55
         Ring mail         |       |    32 |   140 |   268 |     7 ||   447
  Dodge: Dodged            |    53 |    61 |   146 |   239 |     6 ||   505
  Block: Buckler           |       |       |       |    33 |     1 ||    34

Table legend: (Time is in decaauts)
 A = Elapsed time spent in this place.
 B = Non-inter-level travel time spent in this place.
 C = Inter-level travel time spent in this place.
 D = Time resting spent in this place.
 E = Time spent auto-exploring this place.
 F = Levels seen in this place.
 G = Mean time per level.
                   A        B        C        D        E       F      G
               +--------+--------+--------+--------+--------+-----+--------+
         Total |  13793 |  13266 |    527 |   1296 |   9390 |  15 |  919.5 |
       Dungeon |  13598 |  13084 |    514 |   1296 |   9220 |  14 |  971.3 |
        Temple |    195 |    182 |     13 |      0 |    170 |   1 |  195.0 |
               +--------+--------+--------+--------+--------+-----+--------+

Top non-repeatable levels by time:
    D:11: 1524 daAuts
    D:13: 1318 daAuts
     D:8: 1262 daAuts
     D:6: 1136 daAuts
     D:9: 1106 daAuts
    D:10: 1101 daAuts
     D:1: 1061 daAuts
    D:12: 951 daAuts
     D:7: 946 daAuts
     D:4: 911 daAuts
     D:5: 861 daAuts
     D:2: 708 daAuts
     D:3: 684 daAuts
  Temple: 195 daAuts
    D:14: 22 daAuts
